 Dungeon Crawl Stone Soup version 0.19.1 (webtiles) character file.

193 empire the Slasher (level 5, -2/42 HPs)
             Began as a Demonspawn Gladiator on Dec 22, 2016.
             Killed by nerve-wracking pain
             ... invoked by Grinder
              (12 damage)
             ... on level 4 of the Dungeon.
             The game lasted 00:07:37 (3122 turns).

empire the Slasher (Demonspawn Gladiator)           Turns: 3122, Time: 00:07:37

Health: -2/42      AC:  8    Str: 20    XL:     5   Next: 44%
Magic:  5/5        EV: 16    Int:  9    God:
Gold:   221        SH:  0    Dex: 20    Spells: 0 memorised, 4 levels left

rFire  . . .     SeeInvis .     a - +0 long sword
rCold  + . .     Gourm    .     Z - +0 scale mail
rNeg   . . .     Faith    .     (no shield)
rPois  .         Spirit   .     (helmet restricted)
rElec  .         Reflect  .     (no cloak)
rCorr  .         Harm     .     X - +0 pair of gloves
MR     .....                    V - +0 pair of boots
Stlth  ++........               (no amulet)
                                (no ring)
                                r - ring of ice

@: mighty, agile, exhausted, slowed, very slow
A: claws 1, horns 1, fire resistance 1, nightstalker 1
a: no special abilities


You were on level 4 of the Dungeon.
You were not hungry.

You visited 1 branch of the dungeon, and saw 4 of its levels.

You collected 221 gold pieces.

Inventory:

Hand Weapons
 a - a +0 long sword (weapon)
 m - a +3 hand axe
Missiles
 c - 7 curare-tipped needles
 d - 4 throwing nets (quivered)
 i - 35 bolts
 l - 55 arrows
 u - 40 poisoned needles
Armour
 k - a +3 leather armour
 V - a +0 pair of boots (worn)
 X - a +0 pair of gloves (worn)
 Z - a +0 scale mail (worn)
Jewellery
 r - a ring of ice (left hand)
Scrolls
 b - 3 scrolls of identify
 e - 3 scrolls of remove curse
 h - 3 scrolls of amnesia
 y - a scroll of fear
 z - a scroll of blinking {unknown}
Potions
 j - a potion of curing
 q - 3 potions of ambrosia {unknown}
 t - a potion of degeneration {unknown}
 w - a potion of magic {unknown}
 x - 2 potions of might
Comestibles
 f - 5 bread rations
 g - 2 beef jerkies
 n - 3 meat rations
 o - a royal jelly
 v - 4 chunks of flesh


   Skills:
 - Level 4.0 Fighting
 - Level 4.0 Long Blades
 - Level 1.7 Throwing
 + Level 2.0 Armour
 - Level 2.6 Dodging


You had 4 spell levels left.
You didn't know any spells.

Dungeon Overview and Level Annotations

Branches:
Dungeon (4/15)
 Temple: D:4-7

Altars:
Elyvilon
Trog
Xom

Annotations:
D:4 Grinder


Innate Abilities, Weirdness & Mutations

You have sharp fingernails.
You have a pair of small horns on your head.
Your flesh is heat resistant. (rF+)
You are slightly more attuned to the shadows.


Message History

Grinder is lightly wounded.
A red film seems to cover your vision as you go berserk!
You feel yourself moving faster!
You feel mighty!
Grinder blinks!
You feel a strong urge to attack something.
You feel your anger subside.
Grinder says, "My boss said I was rubbish.
His entrails said otherwise."
Grinder gestures at you.
You suddenly lose the ability to move!
You are no longer berserk.
You feel yourself slow down. Grinder hits you.
You writhe in agony.
* * * LOW HITPOINT WARNING * * *
Grinder blinks!
Grinder gestures at you.
You barely resist.
You can move again.
You slash Grinder! You headbutt Grinder!
Grinder is severely wounded.
Grinder gestures at you. Pain shoots through your body!
You die...

....
#............
...
#..)..........
#.##..........
#.##.........
#.##.......#
#..........####
####..........
#.......##
#...5@..#
#.......#
#.......#
#.......#
#.......#
##.....##
#.....#


You could see Grinder.

Vanquished Creatures
  A crimson imp (D:3)
  A bullfrog zombie (D:3)
  5 adders
  An ooze (D:4)
  2 worms (D:2)
  A dart slug (D:2)
  2 leopard geckos (D:3)
  An orc (D:3)
  8 bats
  6 giant cockroaches
  4 goblins
  6 hobgoblins
  3 jackals (D:2)
  11 kobolds
  4 quokkas
  2 frilled lizards (D:3)
  9 rats
67 creatures vanquished.

Vanquished Creatures (others)
  A quokka (D:3)
1 creature vanquished.

Grand Total: 68 creatures vanquished

Notes
Turn   | Place    | Note
-------+----------+-------------------------------------------
     0 | D:1      | empire the Demonspawn Gladiator began the quest for the Orb.
     0 | D:1      | Reached XP level 1. HP: 16/16 MP: 1/1
   588 | D:1      | Gained mutation: You have a pair of small horns on your head. [demonic ancestry]
   588 | D:1      | Reached XP level 2. HP: 22/22 MP: 2/2
  1187 | D:3      | Gained mutation: You possess an exceptional clarity of mind. [potion of beneficial mutation]
  1189 | D:3      | Gained mutation: You have sharp fingernails. [demonic ancestry]
  1189 | D:3      | Reached XP level 3. HP: 10/27 MP: 3/3
  1382 | D:2      | Found a shimmering altar of Xom.
  1463 | D:2      | Lost mutation: You possess an exceptional clarity of mind. [potion of cure mutation]
  1974 | D:2      | Found a bloodstained altar of Trog.
  2088 | D:3      | Gained mutation: Your flesh is heat resistant. (rF+) [demonic ancestry]
  2088 | D:3      | Reached XP level 4. HP: 32/35 MP: 4/4
  2762 | D:3      | Reached skill level 1 in Armour
  2762 | D:3      | Gained mutation: You are slightly more attuned to the shadows. [demonic ancestry]
  2762 | D:3      | Reached XP level 5. HP: 42/42 MP: 5/5
  2783 | D:3      | Found a white marble altar of Elyvilon.
  3105 | D:4      | Noticed Grinder
  3116 | D:4      | Paralysed by Grinder for 4 turns
  3122 | D:4      | Killed from afar by Grinder

Skill      XL: |  1  2  3  4  5 |
---------------+----------------+-----
Long Blades    | 3 4 |  4.0
Fighting       | 3 4 |  4.0
Armour         | 1 2 |  2.0
Throwing       | |  1.7
Dodging        | |  2.6

Action                   |  1- 3 |  4- 6 || total
-------------------------+-------+-------++-------
Melee: Long sword        |   106 |    93 ||   199
       Headbutt          |    12 |    10 ||    22
  Use: Potion            |     7 |     4 ||    11
       Scroll            |     8 |       ||     8
 Stab: Sleeping          |     1 |       ||     1
  Eat: Chunk             |     4 |     3 ||     7
Armor: Leather armour    |    46 |       ||    46
       Ring mail         |     2 |    17 ||    19
       Scale mail        |       |    26 ||    26
Dodge: Dodged            |   141 |    56 ||   197
       Rpst.: Long sword |    41 |    16 ||    57
